 Dungeon Sprint DCSS version 0.20-a0-556-g892c87b (webtiles) character file.

442 esc the Thaumaturge (level 6, -8/32 HPs)
             Began as a Deep Elf Fire Elementalist on Feb 6, 2017.
             Was an Initiate of Vehumet.
             Mangled by Sonja
             ... wielding a +3 dagger of distortion
              (24 damage)
             ... in the Dungeon (Sprint I: "Red Sonja").
             The game lasted 00:02:31 (524 turns).

esc the Thaumaturge (Deep Elf Fire Elementalist)     Turns: 524, Time: 00:02:32

Health: -8/32      AC:  7    Str:  5    XL:     6   Next: 71%
Magic:  22/22      EV:  9    Int: 22    God:    Vehumet [......]
Gold:   170        SH:  0    Dex: 15    Spells: 22/27 levels left

rFire    . . .     SeeInvis .   h - +3 club
rCold    . . .     Gourm    .   j - +2 ring mail of Zeapt {+Blink +Inv}
rNeg     . . .     Faith    .   (no shield)
rPois    .         Spirit   .   (no helmet)
rElec    .         Reflect  .   (no cloak)
rCorr    .         Harm     .   (no gloves)
MR       .....     NoTele   +   (no boots)
Stlth    +.........             (no amulet)
Regen    0.1/turn               (no ring)
                                (no ring)

@: lethally poisoned (-8 -> -26), slowed, very slow
A: no striking features
a: Renounce Religion, Evoke Blink, Evoke Invisibility


You were in the Dungeon.
You worshipped Vehumet.
Vehumet was noncommittal.
You were not hungry.

You visited 1 branch You collected 305 gold pieces.
You spent 135 gold pieces at shops.

Inventory:

Hand Weapons
 h - a +3 club (weapon)
   (You took it off Ijyb in the Dungeon)
Armour
 a - a +0 robe
 j - the +2 ring mail of Zeapt (worn) {+Blink +Inv}
   (You bought it in a shop in the Dungeon)

   It lets you turn invisible.
   It lets you blink.
Scrolls
 d - a scroll of magic mapping {unknown}
 i - a scroll of blinking {!r}
Potions
 f - a potion of haste
 g - 2 potions of magic
Books
 b - a book of Flames
Comestibles
 c - a bread ration {@e1}


   Skills:
 + Level 0.0 Fighting
 + Level 0.0 Armour
 + Level 2.4 Dodging
 - Level 2.4 Stealth
 + Level 11.1 Spellcasting
 + Level 9.2 Conjurations
 + Level 9.7 Fire Magic


You had 22 spell levels left.
You knew the following spells:

 Your Spells              Type           Power        Failure   Level  Hunger
a - Flame Tongue          Conj/Fire      #####        1%          1    None
s - Sticky Flame          Conj/Fire      ######..     8%          4    #......


Dungeon Overview and Level Annotations

Branches:
Dungeon (1/1)

Altars:
Cheibriados
Dithmenos
Elyvilon
Fedhas
Gozag
Hepliaklqana
Kikubaaqudgha
Nemelex Xobeh
Okawaru
Qazlal
Ru
Sif Muna
Trog
Uskayaw
Vehumet
Yredelemnul
Zin
The Shining One

Shops:
D [

Annotations:
D Sonja


Message History

The yak burns!
The yak burns!
The yak burns!
The yak burns!
You see here a ring mail.
The yak burns!
The yak stops burning.
There is an open door here.
Aim: a yak (severely wounded)
The sticky flame hits the yak.
The yak is covered in liquid flames!
The yak burns!
You kill the yak!
Vehumet accepts your kill.
Your Spellcasting skill increases to level 11!
Your Conjurations skill increases to level 9!
Your Fire Magic skill increases to level 9!
You now have 13/22 mp.
You start resting.
MP restored: 22
There is an open door here.
You see here a ring mail.
Found an opulent altar of Gozag.
There is an open door here.
Found a sparkling altar of Nemelex Xobeh.
There is an entrance to Vudwiur's Antique Armour Emporium here.
j - a scorched ring mail Thank you for shopping at Vudwiur's Antique Armour Emporium!
Wear which item? (? for menu, Esc to quit)
You start removing your armour.
You continue taking off your +0 robe. x4
You finish taking off your +0 robe.
You start putting on your armour.
You continue putting on your scorched ring mail. x5
You finish putting on the +2 ring mail of Zeapt {+Blink +Inv}.
Okay, then.
There is an open door here.
There is a radiant altar of Vehumet here.
You open the door.
Sonja, the Graceful Assassin comes into view.
She is wielding a dagger of distortion.
Okay, then.
Unknown command.
You close the door.
Okay, then.
Unknown command.
You open the door.
Sonja shouts!
Sonja unwields an uncursed dagger of distortion.
Its appearance distorts for a moment.
Sonja wields an uncursed blowgun.
Sonja shoots a curare-tipped needle.
The curare-tipped needle hits you.
You are poisoned.
You have difficulty breathing.
You feel yourself slow down.
You take 8 damage, and have 24/32 hp.
MASSIVE DAMAGE!!
Unknown command.
Unknown command.
Aim: Sonja, wielding a blowgun The flame tongue hits Sonja.
You feel sick.
Sonja bows elegantly.
Sonja shoots a curare-tipped needle.
The curare-tipped needle barely misses you.
Sonja shoots a curare-tipped needle.
The curare-tipped needle closely misses you.
You take 2 damage, and have 22/32 hp.
You now have 21/22 mp.
Unknown command.
Unknown command.
Unknown command.
You close the door.
You feel sick.
You take 1 damage, and have 21/32 hp.
Okay, then.
You feel sick.
Sonja opens the door.
Sonja shoots a curare-tipped needle.
The curare-tipped needle hits you.
You are lethally poisoned!
You have difficulty breathing.
You feel as though you will be slow longer.
You take 9 damage, and have 12/32 hp.
MASSIVE DAMAGE!!
You feel sick.
Sonja unwields an uncursed blowgun.
Sonja wields an uncursed dagger of distortion.
Its appearance distorts for a moment.
Sonja hits you with an uncursed dagger of distortion.
* * * LOW HITPOINT WARNING * * *
Sonja hits you but does no damage. x2
Space bends around you.
* * * LOW HITPOINT WARNING * * *
Sonja closely misses you. Sonja barely misses you.
Sonja hits you but does no damage.
There is an open door here.
You take 8 damage, and have 4/32 hp.
MASSIVE DAMAGE!!
MP restored: 22 Unknown command.
You feel much better.
You feel very sick.
Sonja hits you with an uncursed dagger of distortion.
Space warps horribly around you!
Ouch! That really hurt!
You die...

#<.#..'.)#..'..#
#..'.)#..'..#..+
#..#####'#####'#
#..####..#...#[#
#..#__####..##.#
#..#_____##'#..+
#⌠⌠#_.∩...'.(._#
####_..__##_(#'#
#_____###@#.#
####### #K###
$.$ #$.$# ##.##
#+#


You could see Sonja.

Vanquished Creatures
  Sigmund (D)
  A yak (D)
  An ogre (D)
  A jelly (D)
  Ijyb (D)
5 creatures vanquished.

Notes
Turn   | Place    | Note
-------+----------+-------------------------------------------
     0 | D        | esc the Deep Elf Fire Elementalist began the quest for the Orb.
     0 | D        | Reached XP level 1. HP: 10/10 MP: 6/6
     1 | D        | Noticed Ijyb
     8 | D        | Killed Ijyb
     8 | D        | Reached skill level 5 in Spellcasting
     8 | D        | Reached skill level 3 in Conjurations
     8 | D        | Reached skill level 4 in Fire Magic
     8 | D        | Reached XP level 2. HP: 15/15 MP: 3/10
    52 | D        | Noticed an ogre
    58 | D        | Killed an ogre
    58 | D        | Reached skill level 7 in Spellcasting
    58 | D        | Reached skill level 5 in Conjurations
    58 | D        | Reached skill level 6 in Fire Magic
    58 | D        | Reached XP level 3. HP: 19/19 MP: 5/13
    58 | D        | Reached XP level 4. HP: 24/24 MP: 5/15
   139 | D        | Learned a level 4 spell: Sticky Flame
   139 | D        | Noticed Sigmund
   144 | D        | HP: 2/24 [Sigmund/scythe (13)]
   148 | D        | Killed Sigmund
   148 | D        | Reached skill level 9 in Spellcasting
   148 | D        | Reached skill level 7 in Conjurations
   148 | D        | Reached skill level 8 in Fire Magic
   148 | D        | Reached XP level 5. HP: 7/28 MP: 13/19
   148 | D        | Reached XP level 6. HP: 8/32 MP: 13/20
   399 | D        | Found a deep blue altar of Sif Muna.
   401 | D        | Found a radiant altar of Vehumet.
   403 | D        | Reached skill level 10 in Spellcasting
   403 | D        | Reached skill level 8 in Conjurations
   416 | D        | Became a worshipper of Vehumet
   433 | D        | Found Vudwiur's Antique Armour Emporium.
   433 | D        | Found an ancient bone altar of Kikubaaqudgha.
   433 | D        | Found a hazy altar of Hepliaklqana.
   433 | D        | Found a stormy altar of Qazlal.
   433 | D        | Found a hide-covered altar of Uskayaw.
   433 | D        | Found a blossoming altar of Fedhas.
   433 | D        | Found a bloodstained altar of Trog.
   433 | D        | Found an iron altar of Okawaru.
   433 | D        | Found a basalt altar of Yredelemnul.
   433 | D        | Found a glowing golden altar of the Shining One.
   433 | D        | Found a snail-covered altar of Cheibriados.
   433 | D        | Found a sacrificial altar of Ru.
   433 | D        | Found a glowing silver altar of Zin.
   433 | D        | Found a shadowy altar of Dithmenos.
   433 | D        | Found a white marble altar of Elyvilon.
   433 | D        | Noticed a yak
   442 | D        | Killed a yak
   442 | D        | Reached skill level 11 in Spellcasting
   442 | D        | Reached skill level 9 in Conjurations
   442 | D        | Reached skill level 9 in Fire Magic
   496 | D        | Found an opulent altar of Gozag.
   497 | D        | Found a sparkling altar of Nemelex Xobeh.
   501 | D        | Bought a scorched ring mail for 135 gold pieces
   511 | D        | Identified the +2 ring mail of Zeapt {+Blink +Inv} (You bought it in a shop in the Dungeon)
   517 | D        | Noticed Sonja
   523 | D        | HP: 8/32 [Sonja/uncursed dagger of distortion (2)]
   524 | D        | Mangled by Sonja

Vault maps used:
D:        dungeon_sprint_1

Skill      XL: |  1  2  3  4  5  6 |
---------------+-------------------+-----
Spellcasting   | 5 7 9 11 | 11.1
Conjurations   | 3 5 7 9 |  9.2
Fire Magic     | 4 6 8 9 |  9.7
Dodging        | |  2.4
Stealth        | |  2.4

Action                   |  1- 3 |  4- 6 || total
-------------------------+-------+-------++-------
Melee: Unarmed           |     3 |       ||     3
 Cast: Flame Tongue      |     7 |     5 ||    12
       Sticky Flame      |       |     3 ||     3
  Use: Potion            |     1 |     2 ||     3
Armor: Ring mail         |       |     3 ||     3
Dodge: Dodged            |     4 |     5 ||     9

Vault maps used:
D:        dungeon_sprint_1

Table legend:
 A = Turns spent in this place as a percentage of turns spent in the entire game.
 B = Non-inter-level travel turns spent in this place as a percentage of non-inter-level travel turns spent in the entire game.
 C = Inter-level travel turns spent in this place as a percentage of turns spent in this place.
 D = Turns resting spent in this place as a percentage of non-inter-level travel turns spent in this place.
 E = Turns spent auto-exploring this place as a percentage of non-inter-level travel turns spent in this place.
 F = Non-inter-level travel turns spent in this place divided by the number of levels of this place that you've seen.
                   A       B       C       D       E      F
               +-------+-------+-------+-------+-------+----------------------
         Total | 100.0 | 100.0 |   0.0 |   7.0 |   0.0 | 142.0
       Dungeon | 100.0 | 100.0 |   0.0 |   7.0 |   0.0 | 142.0
               +-------+-------+-------+-------+-------+----------------------

Table legend:
 A = Kills in this place as a percentage of kills in entire the game.
 B = Kills by you in this place as a percentage of kills by you in the entire game.
 C = Kills by friends in this place as a percentage of kills by friends in the entire game.
 D = Other kills in this place as a percentage of other kills in the entire game.
 E = Experience gained in this place as a percentage of experience gained in the entire game.
 F = Experience gained in this place divided by the number of levels of this place that you have seen.
                   A       B       C       D       E      F
               +-------+-------+-------+-------+-------+----------------------
         Total | 100.0 | 100.0 |  -nan |  -nan | 100.0 | 632.0
       Dungeon | 100.0 | 100.0 |  -nan |  -nan | 100.0 | 632.0
               +-------+-------+-------+-------+-------+----------------------
